 Dungeon Crawl Stone Soup version 0.23.2-40-g277498a001 (webtiles) character file.

Game seed: 5944372304223419346

28 Descartes the Sneak (level 2, 0/13 HPs)
             Began as a Spriggan Enchanter on Oct 5, 2019.
             Succumbed to an adder's poison
             ... on level 2 of the Dungeon.
             The game lasted 00:03:47 (2713 turns).

Descartes the Sneak (Spriggan Enchanter)            Turns: 2713, Time: 00:03:47

Health: 0/13       AC:  2    Str:  4    XL:     2   Next: 96%
Magic:  7/7        EV: 19    Int: 16    God:
Gold:   138        SH:  0    Dex: 16    Spells: 4/7 levels left

rFire    . . .     SeeInvis +   a - +1 dagger
rCold    . . .     Gourm    .   (shield restricted)
rNeg     . . .     Faith    .   k - +0 robe
rPois    .         Spirit   .   (helmet restricted)
rElec    .         Reflect  .   (no cloak)
rCorr    .         Harm     .   (gloves unavailable)
MR       +....                  (boots unavailable)
Stlth    +++.......             (no amulet)
HPRegen  0.04/turn              c - ring of protection from magic
MPRegen  0.10/turn              (no ring)

@: lethally poisoned (0 -> -7), very quick
A: very small, unfitting armour, see invisible, herbivore, speed 3, slow
metabolism 2
a: no special abilities


You were on level 2 of the Dungeon.
You were not hungry.

You visited 1 branch of the dungeon, and saw 2 of its levels.

You collected 138 gold pieces.

Inventory:

Hand Weapons
 a - a +1 dagger (weapon)
 b - a +0 hunting sling
Missiles
 j - 37 sling bullets
Armour
 k - a +0 robe (worn)
Jewellery
 c - a ring of protection from magic (left hand)
Scrolls
 e - a scroll of teleportation {unknown}
 f - 2 scrolls of remove curse {unknown}
 g - 2 scrolls of blinking {unknown}
 h - a scroll of identify {unknown}
Potions
 i - a potion of agility {unknown}
Comestibles
 d - 4 rations


   Skills:
 + Level 1.6 Short Blades
 + Level 3.5 Dodging
 + Level 4.8 Stealth
 + Level 3.1 Spellcasting
 + Level 4.0 Hexes


You had 4 spell levels left.
You knew the following spells:

 Your Spells              Type           Power        Failure   Level  Hunger
a - Corona                Hex            ###....      3%          1    None
b - Ensorcelled Hibernat  Hex/Ice        #.....       12%         2    ##.....

Your spell library contained the following spells:

 Spells                   Type           Power        Failure   Level  Hunger
 Confuse                  Hex            ###.....     11%         3    ###....
 Tukima's Dance           Hex            ###.....     11%         3    ###....
 Dazzling Spray           Conj/Hex       #.....       24%         3    ###....


Dungeon Overview and Level Annotations

Branches:
Dungeon (2/15)

Altars:


Innate Abilities, Weirdness & Mutations

You are very small and have problems with some larger weapons.
You are too small for most types of armour.
You have supernaturally acute eyesight. (SInv)
You are a herbivore.
You cover ground extremely quickly.
You need to consume almost no food.


Message History

You completely miss the adder.
The adder is moderately wounded.
The adder closely misses you.
You hit the adder.
The adder is heavily wounded.
The adder closely misses you.
You hit the adder.
The adder is almost dead.
The adder bites you.
You closely miss the adder.
The adder is almost dead.
The adder bites you.
* * * LOW HITPOINT WARNING * * *
You are lethally poisoned!
The adder poisons you! The adder misses you.
You barely miss the adder.
The adder is almost dead.
* * * LOW HITPOINT WARNING * * *
You feel sick. The adder barely misses you.
You die...

##.<.(......###.#
##....#...## #.###
#...###### #...## #.###
###..# #.# ##.. ##..#
######. #S.## ........
##.##### ########
#...@..###### #
####.##.(.....##### #
............<.....#####
.........#####........#
#..........# ####..##.#
#..........# ##.##.#
#..........# #.....
############ #####. ##


There were no monsters in sight!

Vanquished Creatures
  A leopard gecko (D:1)
  6 bats
  5 goblins
  4 hobgoblins (D:1)
  4 frilled lizards
  3 kobolds
  3 rats
26 creatures vanquished.

Notes
Turn   | Place    | Note
-------+----------+-------------------------------------------
     0 | D:1      | Descartes the Spriggan Enchanter began the quest for the
                  | Orb.
     0 | D:1      | Reached XP level 1. HP: 9/9 MP: 5/5
   627 | D:1      | Reached XP level 2. HP: 13/13 MP: 6/6
   847 | D:1      | Learned a level 2 spell: Ensorcelled Hibernation
  2713 | D:2      | Succumbed to an adder's poison

Skill      XL: |  1  2 |
---------------+-------+-----
Spellcasting   | 3 |  3.1
Hexes          | 4 |  4.0
Short Blades   | |  1.6
Dodging        | |  3.5
Stealth        | |  4.8

Action                   || total
-------------------------++-------
Melee: Dagger            ||   101
 Fire: Hunting sling     ||    33
 Stab: Sleeping          ||     3
Armor: Robe              ||    14
Dodge: Dodged            ||    88
